AoeStats
← |GaoeG| flamingo

Nomad

507593428Analyzed
2v2 RM · 14d ago on Sep 18, 2026· 43m 18s· 4 players
Game mode
Random Map
Map size
176×176
Population
200
Speed
Normal
Resources
Standard
Victory
Conquest
Starting age
Dark Age
Ending age
Imperial Age
RankedLock teamsTeams togetherTeam positionsShared explorationLock speedFull tech treeHidden civsTurbo modeCheats
Victory
Defeat
🇳🇱 Bengalis · Netherlands
1410
+13
🇩🇪 Persians · Germany
1386
+14
🇪🇸 Magyars · Spain
1381
-15
🇪🇸 Wu · Spain
1314
-12
Z
6:49 Loom
11:23 Feudal Age
13:02 Fletching
19:49 Castle Age
18:49 Double-Bit Axe
19:14 Horse Collar
19:51 Scale Barding Armor
19:58 Forging
20:41 Medium Warships
20:28 Bodkin Arrow
23:57 Bow Saw
25:32 Husbandry
26:40 Wheelbarrow
26:59 Chain Barding Armor
28:52 Bloodlines
29:00 Hand Cart
31:27 Forging
32:47 Gold Mining
37:12 Fishing Lines
40:21 Imperial Age
40:01 Cavalier
41:38 Plate Barding Armor
41:58 Conscription
43:14 Town Watch
44:12 Iron Casting
Zara
4:27 Loom
12:29 Feudal Age
13:25 Double-Bit Axe
15:21 Town Watch
22:04 Castle Age
20:07 Fletching
23:45 Elite Skirmisher
25:11 Padded Archer Armor
28:23 Fishing Lines
28:58 Horse Collar
31:37 Bow Saw
32:40 Bodkin Arrow
35:11 Ballistics
35:33 Wheelbarrow
36:08 Gillnets
36:37 Heavy Plow
40:21 Imperial Age
39:34 Leather Archer Armor
39:43 Hand Cart
41:11 Bracer
42:12 Chemistry
41:36 Bloodlines
41:27 Husbandry
JITANOmaleant7
4:08 Loom
15:24 Feudal Age
24:14 Castle Age
24:48 Double-Bit Axe
26:01 Bloodlines
26:21 Horse Collar
27:11 Husbandry
|GaoeG| flamingo
5:20 Loom
13:05 Feudal Age
16:57 Castle Age
15:48 Double-Bit Axe
15:46 Horse Collar
17:12 Town Watch
18:49 Fletching
26:43 Bodkin Arrow
28:05 Bow Saw
28:28 Heavy Plow
28:56 Scale Mail Armor
29:16 Squires
31:40 Arson
31:49 Pikeman
34:05 Chain Mail Armor
39:21 Wheelbarrow
40:19 Forging
Connection lost

Rejoining the realm…

Still unreachable

The connection could not be restored.

Session expired

The server has moved on; the page needs a fresh start.